 Dungeon Crawl Stone Soup version 0.27.1-33-g824d729ab1 (webtiles) character file.

Game seed: 5490103160684772486

124990 humanwaffle the Severer (level 16, -4/154 (163) HPs)
             Began as a Deep Dwarf Gladiator on Dec 2, 2021.
             Was a High Priest of Trog.
             Slain by a polar bear (20 damage)
             ... summoned by a spriggan berserker
             ... on level 3 of the Swamp on Dec 5, 2021.
             The game lasted 03:10:23 (25953 turns).

humanwaffle the Severer (Deep Dwarf Gladiator)     Turns: 25953, Time: 03:10:24

HP:   -4/154 (163)  AC: 31    Str: 43    XL:     16   Next: 40%
MP:   1/1           EV: 15    Int: 15    God:    Trog [*****.]
Gold: 581           SH:  0    Dex: 14    Spells: 15/15 levels left

rFire    . . .     SeeInvis .   Z - +6 war axe of Xaackamo {drain, rPois Str+4}
rCold    + + .     Faith    +   (no shield)
rNeg     + + .     Spirit   .   L - +2 plate armour {rC+}
rPois    +         Reflect  .   o - +2 helmet of the Eight Planets {rC+ Str+4}
rElec    .         Harm     .   q - +1 cloak {rCorr}
rCorr    +         Rampage  .   y - +1 pair of gloves
Will     +++..                  K - +2 pair of boots
Stlth    ..........             G - amulet of faith
HPRegen  0.00/turn              f - +6 ring of strength
MPRegen  0.07/turn              J - ring of the Everdark {rN+ Will+ Str+6 Int+4 Stlth+}

@: drained, very slow
A: damage resistance, heal wounds, negative energy resistance 1, sense
surroundings 2, no regeneration
a: Heal Wounds, Renounce Religion, Berserk, Trog's Hand, Brothers in Arms


You were on level 3 of the Swamp.
You worshipped Trog.
Trog was extremely pleased with you.
You visited 5 branches of the dungeon, and saw 27 of its levels.
You visited 1 bazaar.
You also visited: Volcano.

You collected 2698 gold pieces.
You spent 2117 gold pieces at shops.

Inventory:

Hand Weapons
 g - a +5 long sword
 N - a +4 broad axe of flaming
 U - a +7 glaive of venom
 Z - the +6 war axe of Xaackamo (weapon) {drain, rPois Str+4}
   (You found it on level 14 of the Dungeon)

   A truly terrible weapon, it drains the life of any living foe it strikes.
   Str:       It affects your strength (+4).
   rPois:     It protects you from poison.
Missiles
 d - 6 throwing nets (quivered)
Armour
 h - a +0 buckler
 o - the +2 helmet of the Eight Planets (worn) {rC+ Str+4}
   (You acquired it on level 2 of the Orcish Mines)

   Str:       It affects your strength (+4).
   rC:        It protects you from cold.
 p - +0 swamp dragon scales
 q - a +1 cloak of preservation (worn)
 y - a +1 pair of gloves (worn)
 K - a +2 pair of boots (worn)
 L - a +2 plate armour of cold resistance (worn)
Jewellery
 c - a ring of see invisible
 f - a +6 ring of strength (left hand)
 G - an amulet of faith (around neck)
 J - the ring of the Everdark (right hand) {rN+ Will+ Str+6 Int+4 Stlth+}
   (You found it on level 6 of the Lair of Beasts)

   [ring of strength]

   Str:       It affects your strength (+6).
   Int:       It affects your intelligence (+4).
   rN:        It protects you from negative energy.
   Will:      It increases your willpower.
   Stlth:     It makes you more stealthy.
 O - an amulet of reflection
Wands
 i - a wand of polymorph (34)
 k - a wand of paralysis (35)
 r - a wand of digging (11)
 t - a wand of iceblast (29)
 w - a wand of charming (1)
 B - a wand of flame (145)
 C - a wand of mindburst (30)
 I - a wand of acid (37)
Scrolls
 b - 4 scrolls of fear
 e - a scroll of brand weapon
 m - a scroll of enchant armour
 s - 2 scrolls of magic mapping
 E - 2 scrolls of holy word
 R - a scroll of teleportation
 S - 2 scrolls of blinking
Potions
 a - a potion of invisibility
 j - 2 potions of might
 l - 4 potions of haste
 n - a potion of resistance
 v - 6 potions of magic
 z - a potion of cancellation
 A - 3 potions of flight
 H - 4 potions of curing
 M - 2 potions of mutation {unknown}
 Q - 2 potions of ambrosia {unknown}


   Skills:
 + Level 15.3 Fighting
 - Level 2.4 Short Blades
 + Level 16.2(16.4) Axes
 - Level 3.6(10.0) Polearms
 - Level 1.7 Throwing
 + Level 14.9 Armour
 + Level 13.6 Dodging
 * Level 2.6 Shields


You had 15 spell levels left.
You didn't know any spells.
Your spell library contained the following spells:

 Spells                   Type           Power      Damage    Failure   Level
 Portal Projectile        Hex/Tloc       0%         N/A       95%         3
 Blade Hands              Tmut           0%         N/A       100%        5
 Excruciating Wounds      Necr           0%         N/A       100%        5


Dungeon Overview and Level Annotations

Branches:
Dungeon (15/15)            Temple (1/1) D:4            Lair (6/6) D:8
  Swamp (3/4) Lair:4       Spider (0/4) Lair:4        Slime (0/5) Lair:5
    Orc (2/2) D:12            Elf (0/3) Orc:2        Vaults (0/5) D:14
 Depths (0/5) D:15        Volcano (visited)

Altars:
Ashenzari
Cheibriados
Dithmenos
Elyvilon
Fedhas
Gozag
Hepliaklqana
Kikubaaqudgha
Makhleb
Nemelex Xobeh
Okawaru
Qazlal
Ru
Sif Muna
Trog
Uskayaw
Vehumet
Wu Jian
Xom
Yredelemnul
Zin
The Shining One
Beogh
Jiyva

Shops:
D:1 *   D:14 (   D:15 !   Orc:2 *=***

Annotations:
Lair:6 exclusion: oklob plant
Swamp:3 Mara


Innate Abilities, Weirdness & Mutations

You are resistant to damage.
You can heal yourself by infusing magical energy.
You resist negative energy. (rN+)
You passively map the area around you.
You do not regenerate.


Message History

Humanwaffle's illusion seems less drained.
You hear an angry growl.
You hear an angry growl.
The spriggan rider hits you but does no damage.
The spriggan berserker utters an invocation to Trog.
Mara boasts, "I am lord over the four continents and the two thousand adjacent isles."
You hear an angry growl.
The polar bear growls angrily.
The polar bear rages.
You hear an angry growl.
Mara blinks!
You hear an angry growl.
The spriggan rider hits you but does no damage.
Humanwaffle's illusion hits you!
* * * LOW HITPOINT WARNING * * *
You partially resist.
You feel drained.
You feel much better.
You hear an angry growl.
Humanwaffle's illusion hits you.
* * * LOW HITPOINT WARNING * * *
You partially resist.
You feel drained.
The polar bear rages.
The spriggan berserker invokes Trog's protection!
The spriggan rider hits you but does no damage.
The spriggan rider barely misses you.
Mara says, "Entranced by some poetic flight, are you?"
You hear a deafening roar!
Found a scroll of magic mapping.
The polar bear rages.
You enter the shallow water.
Moving in this stuff is going to be slow.
The spriggan berserker hits you with a +0 broad axe!!
* * * LOW HITPOINT WARNING * * *
The polar bear rages.
The polar bear barely misses you.
The polar bear claws you but does no damage.
The polar bear misses you. The spriggan berserker misses you.
The spriggan rider hits you from afar with a +0 spear.
The polar bear bites you!!
You die...

♣.≈≈≈...≈≈≈♣n♣♣ ♣♣..
♣♣.≈≈.≈.≈≈≈≈.♣♣ ♣..♣.
♣≈..≈.♣.≈≈≈≈.n♣♣..♣ ≈
♣...♣♣♣.≈≈≈.≈≈≈..♣
♣♣§≈♣ ♣.≈≈..R.≈.♣^.≈
♣.<.♣♣♣♣≈..h.≈≈≈.≈..,≈
♣♣.≈)[..♣♣♣♣..≈♣♣♣♣≈♣*≈
♣.≈≈≈≈§≈≈.♣≈R.....≈≈≈≈
*
**♣≈≈≈≈≈@h@h≈..........
♣♣≈..≈≈i≈♣≈.#≈♣..♣#.#≈≈
*, ♣♣♣♣.≈≈≈i....≈§≈.≈≈
, * , ≈
♣♣≈≈♣≈.≈#≈#≈#.#.#,* ≈
≈, * ♣♣♣♣≈........... ,
≈ * ≈≈♣≈≈≈≈≈≈≈.≈. ≈ ,
** ..≈...≈≈.≈≈♣♣♣ ≈ , ,
....§..♣≈...§ ≈ *
≈.......≈..≈♣♣


You could see Mara, a spriggan rider, a spriggan berserker (regenerating,
strong-willed), 2 polar bears and humanwaffle's illusion.

Vanquished Creatures
  A tentacled monstrosity (Swamp:3)
  Kirke (Lair:5)
  A ghoul (Swamp:3)
  2 bunyips
  A red draconian (Volcano)
  The ghost of babuloseo the Cleaver, a journeyman HuFi of Gozag (Orc:2)
  Josephine (D:12)
  An eleionoma (Swamp:2)
  A fire dragon (D:15)
  An ice dragon (D:15)
  A spriggan air mage (Swamp:3)
  A ghost crab (Swamp:1)
  3 boulder beetles
  14 hydras
  An ogre mage (D:15)
  A vault guard (D:14)
  2 centaur warriors (D:14)
  6 alligators
  2 catoblepae (Lair:6)
  9 two-headed ogres
  A death knight (D:15)
  Urug (Lair:5)
  2 tengu warriors
  A salamander mystic (Volcano)
  The ghost of Icepheonix32 the Insei, a novice DsTm of Sif Muna (D:7)
  8 skeletal warriors
  5 bog bodies
  2 goliath frogs
  2 spriggan druids (Swamp:3)
  3 phantasmal warriors (D:15)
  Pikel (D:5)
  2 deep elf pyromancers (D:15)
  5 swamp dragons
  11 ugly things
  11 orc knights
  A deep elf zephyrmancer (D:12)
  7 cyclopes
  A moth of wrath (Orc:2)
  3 salamanders (Volcano)
  A wolf spider (Lair:6)
  2 manticores
  7 black mambas
  A torpor snail (Lair:3)
  16 cane toads
  4 kobold demonologists
  2 rime drakes
  An unseen horror (D:13)
  2 yaktaurs (D:15)
  9 komodo dragons
  A tengu conjurer (D:14)
  4 polar bears
  A meliai (D:11)
  6 trolls
  5 tyrant leeches
  4 hornets
  8 blink frogs
  Grinder (D:5)
  2 dream sheep (Lair:6)
  8 slime creatures
  2 wyverns
  A shadow (D:11)
  5 wraiths
  A vampire (D:13)
  13 spriggans
  5 hogs (Lair:5)
  5 basilisks
  39 yaks
  Grum (D:8)
  8 fire bats (Volcano)
  A steam dragon (D:7)
  11 humans
  21 vampire mosquitoes
  Menkaure (D:5)
  A redback simulacrum (D:12)
  15 wargs
  4 acid dragons
  7 swamp worms
  20 water moccasins
  38 orc warriors
  A swamp drake (Swamp:3)
  3 ice beasts
  A hornet zombie (D:6)
  A sky beast (D:7)
  4 black bears
  3 necrophages
  6 ogres
  5 boggarts (Lair:6)
  8 centaurs
  2 phantoms (D:5)
  39 wolves
  7 kobold brigands
  15 bullfrogs
  A gnoll sergeant (D:11)
  2 scorpions
  A wyvern zombie (D:8)
  A water moccasin skeleton (D:4)
  12 killer bees
  3 electric eels
  A wight (D:8)
  9 howler monkeys
  5 lava snakes (Volcano)
  7 centaur zombies
  A hound (D:5)
  A bullfrog skeleton (D:2)
  15 orc priests
  A centaur skeleton (D:7)
  3 gnoll shamans
  An iguana (D:7)
  A scorpion zombie (D:5)
  20 orc wizards
  2 hound skeletons (D:4)
  2 howler monkey zombies (D:7)
  9 gnolls
  A howler monkey skeleton (D:4)
  3 adders
  2 shadow imps
  3 white imps
  An ufetubus (D:5)
  2 worms
  3 dart slugs
  74 orcs
  3 bats
  12 endoplasms
  2 giant cockroaches
  10 goblins
  6 hobgoblins
  3 quokkas
  8 ball pythons
  6 frilled lizards
  15 kobolds
  6 rats
756 creatures vanquished.

Vanquished Creatures (others)
  2 goliath frogs
  A bloated husk (Swamp:2)
  A hornet (Swamp:1)
  A spriggan (Swamp:1)
  A human (D:14)
  A bush (Lair:4)
  52 fungi
  62 plants
121 creatures vanquished.

Grand Total: 877 creatures vanquished

Notes
Turn   | Place    | Note
-------+----------+-------------------------------------------
     0 | D:1      | humanwaffle the Deep Dwarf Gladiator began the quest for
                  | the Orb.
     0 | D:1      | Reached XP level 1. HP: 19/19 MP: 1/1
    66 | D:1      | Found Zebaod's General Store.
   160 | D:1      | Reached XP level 2. HP: 23/26 MP: 2/2
   345 | D:1      | Found a faded altar of an unknown god.
   829 | D:2      | Reached XP level 3. HP: 26/33 MP: 3/3
   937 | D:2      | Reached skill level 4 in Axes
   990 | D:2      | Reached XP level 4. HP: 16/40 MP: 4/4
  2194 | D:3      | Noticed an ice beast
  2212 | D:3      | Killed an ice beast
  2213 | D:3      | Reached XP level 5. HP: 16/49 MP: 4/4
  2458 | D:4      | Reached skill level 5 in Axes
  2458 | D:4      | Reached skill level 5 in Dodging
  2458 | D:4      | Reached XP level 6. HP: 33/56 MP: 5/5
  2488 | D:4      | Found a staircase to the Ecumenical Temple.
  2498 | Temple   | Entered the Ecumenical Temple
  2808 | Temple   | Became a worshipper of Trog the Wrathful
  2868 | D:4      | Found a blossoming altar of Fedhas.
  3168 | D:4      | Noticed an orc warrior
  3187 | D:4      | Killed an orc warrior
  3188 | D:4      | Reached XP level 7. HP: 27/64 MP: 6/6
  3311 | D:4      | Reached * piety under Trog
  3443 | D:5      | Entered Level 5 of the Dungeon
  3505 | D:5      | Reached skill level 6 in Axes
  3557 | D:5      | Noticed Pikel
  3568 | D:5      | Killed Pikel
  3569 | D:5      | Reached skill level 5 in Fighting
  3569 | D:5      | Reached XP level 8. HP: 25/74 MP: 7/7
  3645 | D:5      | Noticed Grinder
  3658 | D:5      | Paralysed by Grinder for 5 turns
  3659 | D:5      | Reached skill level 7 in Axes
  3669 | D:5      | Killed Grinder
  3918 | D:5      | Noticed Menkaure
  4415 | D:5      | Killed Menkaure
  4416 | D:5      | Reached skill level 5 in Armour
  4416 | D:5      | Gained mutation: You passively map the area around you.
                  | [Deep Dwarf growth]
  4416 | D:5      | Reached XP level 9. HP: 40/86 MP: 8/8
  4574 | D:5      | Found a glowing golden altar of the Shining One.
  4738 | D:7      | Found a transporter.
  4742 | D:7      | Noticed Icepheonix32's ghost (novice DsTm)
  4743 | D:7      | Noticed a kobold demonologist
  4747 | D:7      | Noticed a white ugly thing
  4906 | D:7      | Reached ** piety under Trog
  4911 | D:7      | Found a transporter.
  5685 | D:8      | Found a staircase to the Lair.
  5788 | D:8      | Noticed a troll
  5805 | D:8      | Killed a troll
  5806 | D:8      | Reached skill level 8 in Axes
  5807 | D:8      | Reached XP level 10. HP: 95/98 MP: 7/7
  5894 | D:8      | Found a shimmering altar of Xom.
  6279 | D:8      | Noticed Grum
  6309 | D:8      | Killed Grum
  6480 | Lair:1   | Entered Level 1 of the Lair of Beasts
  6603 | Lair:1   | Reached skill level 9 in Axes
  6617 | Lair:1   | Reached *** piety under Trog
  6844 | Lair:1   | Noticed a cane toad
  6864 | Lair:1   | Killed a cane toad
  7131 | Lair:1   | Reached XP level 11. HP: 89/108 MP: 5/5
  7271 | Lair:1   | Reached skill level 10 in Axes
  7550 | Lair:2   | Reached skill level 10 in Fighting
  7648 | Lair:2   | Reached skill level 10 in Armour
  7758 | Lair:2   | Noticed a seven-headed hydra
  7772 | Lair:2   | Killed a seven-headed hydra
  7903 | Lair:2   | Noticed an eight-headed hydra
  7910 | Lair:2   | Killed an eight-headed hydra
  8215 | Lair:3   | Noticed a boulder beetle
  8251 | Lair:3   | Killed a boulder beetle
  8328 | Lair:3   | Reached skill level 11 in Axes
  8481 | Lair:3   | Noticed a five-headed hydra
  8494 | Lair:3   | Killed a five-headed hydra
  8681 | Lair:3   | Found a dark tunnel.
  8692 | Volcano  | Entered a volcano
  8731 | Volcano  | Reached XP level 12. HP: 84/120 MP: 4/4
  8936 | Volcano  | Noticed a red draconian
  8976 | Volcano  | Killed a red draconian
  8977 | Volcano  | Reached skill level 12 in Axes
  8977 | Volcano  | Found a radiant altar of Vehumet.
  9168 | Lair:3   | Noticed a seven-headed hydra
  9176 | Lair:3   | Killed a three-headed hydra
  9505 | Lair:3   | Noticed a six-headed hydra
  9515 | Lair:3   | Killed a one-headed hydra
 10013 | Lair:4   | Noticed an eight-headed hydra
 10015 | Lair:4   | Noticed a six-headed hydra
 10044 | Lair:3   | Killed a three-headed hydra
 10094 | Lair:3   | Killed a one-headed hydra
 10184 | Lair:4   | Reached skill level 13 in Axes
 10216 | Lair:4   | Found a staircase to the Swamp.
 10240 | Lair:4   | Found a hole to the Spider Nest.
 10350 | Lair:4   | Reached XP level 13. HP: 23/129 MP: 3/3
 10839 | Lair:5   | Found a viscous altar of Jiyva.
 10839 | Lair:5   | Found a staircase to the Slime Pits.
 10913 | Lair:5   | Noticed Kirke
 10939 | Lair:5   | Killed Kirke
 11322 | Lair:5   | Noticed Urug
 11338 | Lair:5   | Killed Urug
 11865 | Lair:6   | Entered Level 6 of the Lair of Beasts
 12486 | Lair:5   | Reached skill level 14 in Axes
 13323 | D:9      | Found an ornate altar of the Wu Jian Council.
 13323 | D:9      | Found a radiant altar of Vehumet.
 13323 | D:9      | Found an iron altar of Okawaru.
 13728 | D:1      | Bought a potion of might for 40 gold pieces
 13728 | D:1      | Bought a scroll of fear for 35 gold pieces
 13728 | D:1      | Bought a scroll of fear for 35 gold pieces
 14240 | D:9      | Found a burning altar of Makhleb.
 14751 | D:9      | Found a white marble altar of Elyvilon.
 14848 | D:10     | Entered Level 10 of the Dungeon
 15369 | D:10     | Found a sparkling altar of Nemelex Xobeh.
 15641 | D:11     | Found a gateway to a bazaar.
 15754 | Bazaar   | Entered a bazaar
 15756 | Bazaar   | Found Noaff's Antique Armour Boutique.
 15756 | Bazaar   | Found Tirankuf's Antique Armour Boutique.
 15785 | Bazaar   | Found Gal Dit's Weapon Boutique.
 15835 | Bazaar   | Found Cineiroj's Weapon Shop.
 15888 | Bazaar   | Bought a pair of embroidered boots for 135 gold pieces
 15913 | Bazaar   | Bought a glowing plate armour for 572 gold pieces
 15933 | Bazaar   | Bought a pair of embroidered gloves for 165 gold pieces
 16156 | D:11     | Found a glowing silver altar of Zin.
 16157 | D:11     | Found a blossoming altar of Fedhas.
 16158 | D:11     | Found a stormy altar of Qazlal.
 16158 | D:11     | Found a burning altar of Makhleb.
 16225 | D:11     | HP: 6/133 [two-headed ogre (8)]
 16291 | D:11     | Gained mutation: You resist negative energy. (rN+) [Deep
                  | Dwarf growth]
 16291 | D:11     | Reached XP level 14. HP: 123/141 MP: 1/1
 16314 | D:11     | Found the +7 captain's cutlass {speed, disarm}
 16377 | D:11     | Identified the ring of Diusch {Str-3 Int+6 Dex+4 Slay+5}
 17103 | D:12     | Reached skill level 10 in Dodging
 17218 | D:12     | Reached skill level 1 in Polearms
 17222 | D:12     | Noticed Josephine
 17235 | D:12     | Killed Josephine
 17332 | D:12     | Found a staircase to the Orcish Mines.
 17342 | D:12     | Reached **** piety under Trog
 18323 | D:13     | Reached skill level 1 in Short Blades
 19268 | D:14     | Identified the +6 war axe of Xaackamo {drain, rPois Str+4}
 19716 | D:14     | Found a gate to the Vaults.
 19794 | D:14     | Found Plog's Weapon Shoppe.
 19798 | D:14     | Bought 30 stones for 51 gold pieces
 19798 | D:14     | Bought a +2 hunting sling of flaming for 249 gold pieces
 20019 | D:15     | Entered Level 15 of the Dungeon
 20110 | D:15     | Found Vuadoaturi's Distillery.
 20119 | D:15     | Bought a potion of heal wounds for 55 gold pieces
 20180 | D:15     | Reached XP level 15. HP: 58/151 MP: 1/1
 20370 | D:15     | Found a staircase to the Depths.
 20455 | D:15     | Reached skill level 15 in Axes
 20951 | Orc:1    | Entered Level 1 of the Orcish Mines
 21512 | Orc:2    | Entered Level 2 of the Orcish Mines
 21591 | Orc:2    | Found a transporter.
 21598 | Orc:2    | Noticed babuloseo's ghost (journeyman HuFi)
 21706 | Orc:2    | Found a transporter.
 21820 | Orc:2    | Reached ***** piety under Trog
 21917 | Orc:2    | Found Fuhiuzew's Fabulous Fripperies.
 21974 | Orc:2    | Found a staircase to the Elven Halls.
 22060 | Orc:2    | Found Pupoym's Assorted Antiques.
 22109 | Orc:2    | Found Ylokhlama's General Store.
 22147 | Orc:2    | Bought a scroll of acquirement for 780 gold pieces
 22155 | Orc:2    | Acquired the +2 helmet of the Eight Planets {rC+ Str+4}
 22280 | Orc:2    | Found Yclust's Assorted Antiques.
 22345 | Orc:2    | Found Wiss's Jewellery Boutique.
 23259 | Lair:6   | Received a gift from Trog
 23332 | Lair:6   | Identified the ring of the Everdark {rN+ Will+ Str+6 Int+4
                  | Stlth+}
 24060 | Orc:2    | Killed babuloseo's ghost
 24264 | D:7      | Killed Icepheonix32's ghost
 24461 | Swamp:1  | Entered Level 1 of the Swamp
 24513 | Swamp:1  | Reached skill level 15 in Fighting
 24547 | Swamp:1  | Reached XP level 16. HP: 163/163 MP: 1/1
 24562 | Swamp:1  | Reached skill level 16 in Axes
 25085 | Swamp:2  | Found an opulent altar of Gozag.
 25762 | Swamp:3  | Noticed a tentacled monstrosity
 25773 | Swamp:3  | Killed a tentacled monstrosity
 25774 | Swamp:3  | Reached skill level 1 in Shields
 25857 | Swamp:3  | Noticed Mara
 25860 | Swamp:3  | Noticed humanwaffle's illusion
 25953 | Swamp:3  | Slain by a polar bear

Illustrated notes

Levels and vault maps discovered:
D:1:      doesnt_arrival_eight_statues, layout_loops_cross,
          shapermc_ecumenical_altar_mp_urbaneastern, serial_shops, shop_coins
D:2:      layout_loops_ring, kennysheep_cluttered_room
D:3:      minmay_chambers_of_threes, layout_basic, serial_co_window_serial,
          co_window_paths_b, co_window_corner_a, co_window_paths_a,
          co_window_corner_a, co_window_paths_a, co_window_corner_a,
          co_window_of_opportunity_c, co_window_corner_cb, co_window_corner_b,
          co_window_of_opportunity_b, glass_columns_a, st_stairs_14,
          kennysheep_another_room, minmay_distorted
D:4:      layout_basic, old_standard_altar, temple_fountains
D:5:      layout_rooms, nicolae_tso_swordbearing_angel, uniq_pikel,
          uniq_grinder, uniq_menkaure
D:6:      kennysheep_big_flooded_room, layout_loops_cross
D:7:      layout_cave_pods, nzn_ghost_randoct
D:8:      layout_gridville, mainiacjoe_overflow_catwalk,
          due_lair_maze_entry_diamond, serial_bayou_pond_b, uniq_grum
D:9:      layout_gridville, kennysheep_little_box,
          gammafunk_temple_overflow_claw, bloody_makhleb
D:10:     layout_roguey, nemelex_diamond_rough_becter
D:11:     minmay_the_grid_octo_triangle [minmay_the_grid_octo_focus,
          minmay_the_grid_octo_prize_ultimate_mussel_roller,
          minmay_the_grid_octo_shrine], layout_gridville, serial_shops,
          bzr_entry_gold
D:12:     layout_roguey, erik_orc_4, serial_glass, glass_columns_b,
          glass_columns_c, st_stairs_11, grunt_ministairs_14, uniq_josephine
D:13:     layout_loops_ring
D:14:     layout_loops_ring, ximxim_vaults_locker_room, serial_shops,
          kennysheep_mini, minmay_splitting_lines, lemuel_flame_loot_1
D:15:     grunt_enter_depths_hoard, layout_cave_pools, serial_shops, shop,
          minivault_27
Temple:   oiseaux_autumnal_temple
Lair:1:   layout_small_grid, grunt_megastairs_5
Lair:2:   layout_gridlike
Lair:3:   layout_loops_ring, lightli_volcano_entry_magma_tube
Lair:4:   layout_misc_corridors, minmay_swamp_entry_worms,
          nicolae_spider_entry_orb_guardian
Lair:5:   layout_hall_layers, slime_altar_1, uniq_urug, uniq_kirke
Lair:6:   minmay_lair_end_enchanted_forest, layout_loops_ring
Swamp:1:  layout_falls_marsh, evilmike_swamp_ruin_house_1
Swamp:2:  layout_falls_marsh, nicolae_swamp_feature_on_the_river_bank,
          infiniplex_staircase_pool_2
Swamp:3:  gammafunk_worm_tunnel, layout_basic_swamp,
          nicolae_swamp_very_dense_foliage, swamp_pool2, st_swamp_ruins_3,
          uniq_roxanne, uniq_jorgrun, uniq_nikola, uniq_mara
Orc:1:    layout_caves
Orc:2:    st_orc_town, layout_diamond_mine, gammafunk_ghost_berserking_beasts,
          nicolae_alphabet_shops, nicolae_orc_tapped_out

Skill      XL: |  1  2  3  4  5  6  7  8  9 10 11 12 13 14 15 16 |
---------------+-------------------------------------------------+-----
Fighting       | 2 3 4 5 7 8 9 11 12 13 14 15 | 15.3
Axes           | 4 5 6 7 8 9 11 13 14 15 16 | 16.2
Dodging        | 4 5 6 7 9 11 13 | 13.6
Armour         | 5 7 9 11 12 13 14 | 14.9
Polearms       | 3 |  3.6
Short Blades   | 2 |  2.4
Shields        | 2 |  2.6
Throwing       | |  1.7

Action                   |  1- 3 |  4- 6 |  7- 9 | 10-12 | 13-15 | 16-18 || total
-------------------------+-------+-------+-------+-------+-------+-------++-------
Melee: War axe           |    63 |   155 |   109 |       |   592 |   172 ||  1091
       Hand axe          |       |       |   152 |   455 |       |       ||   607
       Spear             |       |       |       |    61 |       |       ||    61
       Broad axe         |       |       |       |   157 |   538 |     6 ||   701
       Glaive            |       |       |       |       |    88 |       ||    88
       Cutlass           |       |       |       |       |    73 |       ||    73
Invok: Berserk           |       |       |     8 |    11 |    64 |     4 ||    87
       Trog's Hand       |       |       |       |    31 |    68 |     9 ||   108
 Abil: Heal Wounds       |       |     6 |    14 |    34 |    16 |     8 ||    78
Evoke: Wand              |       |       |       |     6 |     3 |       ||     9
  Use: Scroll            |       |     2 |    10 |     4 |    17 |     4 ||    37
       Potion            |       |       |       |       |     8 |     3 ||    11
 Stab: Sleeping          |     1 |       |       |       |       |       ||     1
Armor: Leather armour    |    12 |    61 |    27 |       |       |       ||   100
       Plate armour      |       |       |   171 |   432 |   890 |   138 ||  1631
Dodge: Dodged            |    38 |   117 |   159 |   302 |   777 |   150 ||  1543
Block: Other             |       |       |       |   135 |    65 |       ||   200
       Reflection        |       |       |       |     1 |       |       ||     1
